 Dungeon Crawl Stone Soup version 0.14-a0-218-g24e112a (webtiles) character file.

543 Malachi the Ducker (level 6, -4/51 HPs)
             Began as a Draconian Abyssal Knight on Oct 8, 2013.
             Was a Priest of Lugonu.
             Slain by Prince Ribbit (11 damage)
             ... on Level 4 of the Dungeon.
             The game lasted 00:07:18 (3255 turns).

Malachi the Ducker (Draconian Abyssal Knight)       Turns: 3255, Time: 00:07:19

HP  -4/51        AC 12     Str 14      XL: 6   Next: 41%
MP   8/8         EV 13     Int 14      God: Lugonu [***...]
Gold 174         SH  0     Dex 11      Spells:  0 memorised,  5 levels left

Res.Fire  : . . .   See Invis. : .   v - +0,+3 hammer (distort) (curse)
Res.Cold  : . . .   Warding    : .   (armour unavailable)
Life Prot.: . . .   Conserve   : +   (no shield)
Res.Poison: .       Res.Corr.  : +   k - +2 wizard hat
Res.Elec. : .       Clarity    : .   u - +2 cloak {rCorr, Cons}
Sust.Abil.: . .     Spirit.Shd : .   f - +0 pair of gloves
Res.Mut.  : .       Stasis     : .   (no boots)
Res.Rott. : .       Flight     : .   (no amulet)
Saprovore : . . .                    (no ring)
                                     (no ring)

@: mildly poisoned, slightly resistant to hostile enchantments, unstealthy
A: unfitting armour, AC +6
a: Depart the Abyss, Bend Space, Banish, Renounce Religion


You were on level 4 of the Dungeon.
You worshipped Lugonu.
Lugonu was most pleased with you.
You were not hungry.

You visited 1 branch of the dungeon, and saw 4 of its levels.
You visited the Abyss 1 time.

You collected 154 gold pieces.

Inventory:

Hand weapons
 a - a +2,+2 spear
 v - a cursed +0,+3 hammer of distortion (weapon)
Armour
 e - a +0 orcish cloak
 f - a +0 pair of gloves (worn)
 k - a +2 wizard hat (worn)
 u - a +2 cloak of preservation (worn)
Magical devices
 r - a wand of polymorph (13)
Comestibles
 c - 3 bread rations
 d - a chunk of worker ant flesh
 j - a pear
 o - a honeycomb
 t - 8 grapes
 A - a meat ration
Scrolls
 i - 2 scrolls of enchant armour
 m - 5 scrolls of teleportation
Potions
 b - a potion of restore abilities {unknown}
 g - a potion of confusion {unknown}
 h - 5 potions of heal wounds
 l - a potion of speed {unknown}
 n - a potion of paralysis {unknown}
 p - 2 potions of curing {unknown}
 s - a potion of brilliance {unknown}


   Skills:
 + Level 4.5 Fighting
 * Level 1.9 Maces & Flails
 - Level 2.8 Polearms
 + Level 4.7 Dodging
 + Level 1.3 Stealth
 + Level 2.4 Invocations


You had 5 spell levels left.
You didn't know any spells.

Dungeon Overview and Level Annotations

Branches:
Dungeon (4/27)
 Temple: D:4-7

Altars:

Annotations:
D:4 Prince Ribbit


Message History

You hit Prince Ribbit.
Prince Ribbit is lightly wounded.
Prince Ribbit hits you! The adder misses you.
You thump Prince Ribbit!
Prince Ribbit is moderately wounded.
Prince Ribbit hits you!
* * * LOW HITPOINT WARNING * * *
The adder bites you.
* * * LOW HITPOINT WARNING * * *
You are poisoned.
The adder poisons you!
Prince Ribbit hits you but does no damage.
Use which ability? (? or * to list)
Okay, then.
Use which ability? (? or * to list)
You fail to use your ability.
The adder barely misses you. Prince Ribbit barely misses you.
The adder misses you.
Use which ability? (? or * to list)
You fail to use your ability.
Prince Ribbit hits you!
You die...

.....##
.......#
.........#
..........#
...........#
.......(....#
...........<#
...........F#
...........S@#
............)#
.............#
............#
............#
............#
............##
............##
............##


You could see Prince Ribbit and an adder.

Vanquished Creatures
  A centaur (D:3)
  An orc priest (D:3)
  Crazy Yiuf (D:2)
  A worker ant (D:3)
  5 adders
  3 gnolls
  A giant mite (D:3)
  A worm (D:3)
  17 orcs (D:3)
  2 bats
  2 giant cockroaches
  7 goblins
  6 hobgoblins
  10 kobolds
  A quokka (D:3)
  A ball python (D:2)
  A ball python skeleton (D:4)
  2 giant newts
  10 jackals
  7 rats
80 creatures vanquished.

Vanquished Creatures (others)
  An orc wizard (D:3)
  An orc (D:3)
2 creatures vanquished.

Grand Total: 82 creatures vanquished

Notes
Turn   | Place    | Note
--------------------------------------------------------------
     0 | Abyss:1  | Malachi, the Draconian Abyssal Knight, began the quest for the Orb.
     0 | Abyss:1  | Reached XP level 1. HP: 17/17 MP: 1/1
    92 | Abyss:1  | Noticed a small abomination
    94 | D:1      | Escaped the Abyss
   189 | D:1      | Acquired Lugonu's first power
   237 | D:1      | Reached XP level 2. HP: 21/24 MP: 2/2
  1144 | D:2      | Reached skill level 4 in Fighting
  1144 | D:2      | Reached XP level 3. HP: 22/30 MP: 4/4
  1260 | D:2      | Acquired Lugonu's second power
  1355 | D:2      | Reached XP level 4. HP: 38/38 MP: 5/5
  1442 | D:2      | Noticed Crazy Yiuf
  1451 | D:2      | Killed Crazy Yiuf
  1451 | D:2      | Reached skill level 1 in Stealth
  1457 | D:2      | Identified a +1 cloak of preservation (You took it off Crazy Yiuf on level 2 of the Dungeon)
  1884 | D:3      | Noticed a centaur
  2057 | D:3      | Killed a centaur
  2057 | D:3      | Reached skill level 1 in Maces & Flails
  2057 | D:3      | Reached XP level 5. HP: 22/44 MP: 7/7
  2362 | D:3      | Acquired Lugonu's third power
  2362 | D:3      | Reached XP level 6. HP: 35/51 MP: 8/8
  3044 | D:4      | Noticed Prince Ribbit
  3255 | D:4      | Slain by Prince Ribbit

Action                   |  1- 3 |  4- 6 || total
-------------------------+-------+-------++-------
Melee: Spear             |   111 |     8 ||   119
       Hammer            |       |   123 ||   123
Invok: Depart the Abyss  |     1 |       ||     1
Evoke: Wand              |       |     2 ||     2
  Use: Scroll            |       |    13 ||    13
 Stab: Sleeping          |     3 |     1 ||     4
